 Dungeon Crawl Stone Soup version 0.18-a0-246-gbfa2ae1 (webtiles) character file.

34 Raultor the Shield-Bearer (level 3, -2/29 HPs)
             Began as a Formicid Fighter on Nov 25, 2015.
             Slain by Crazy Yiuf
             ... wielding a +4 quarterstaff of chaos
              (4 damage)
             ... on level 2 of the Dungeon.
             The game lasted 00:02:46 (733 turns).

Raultor the Shield-Bearer (Formicid Fighter)         Turns: 733, Time: 00:02:46

Health: -2/29      AC:  7    Str: 21    XL:     3   Next: 50%
Magic:  3/3        EV:  8    Int:  7    God:
Gold:   47         SH:  9    Dex: 10    Spells: 0 memorised, 2 levels left

rFire  . . .     SeeInvis +     a - +0 war axe
rCold  . . .     Clarity  .     b - +0 scale mail
rNeg   . . .     SustAt   .     c - +0 shield
rPois  .         Gourm    .     (helmet unavailable)
rElec  .         Spirit   .     (no cloak)
rCorr  .         Warding  .     (no gloves)
rMut   .         Stasis   +     (no boots)
MR     .....                    (no amulet)
Stlth  ..........               (no ring)
                                (no ring)

@: not resistant to hostile enchantments, extremely unstealthy
A: permanent stasis, dig shafts and tunnels, four strong arms, antennae 3
a: Dig, Shaft Self


You were on level 2 of the Dungeon.
You were not hungry.

You visited 1 branch of the dungeon, and saw 2 of its levels.

You collected 47 gold pieces.

Inventory:

Hand Weapons
 a - a +0 war axe (weapon)
Armour
 b - a +0 scale mail (worn)
 c - a +0 shield (worn)
Wands
 i - a wand of enslavement (13)
Scrolls
 j - a scroll of remove curse {unknown}
 l - a scroll of identify {unknown}
Potions
 d - a potion of might
 g - a potion of flight {unknown}
 k - a potion of heal wounds {unknown}
Comestibles
 e - a bread ration
 f - 3 chunks of flesh
 h - 2 meat rations


   Skills:
 + Level 3.5 Fighting
 + Level 2.2 Axes
 + Level 3.8 Armour
 + Level 0.5 Dodging
 + Level 4.0 Shields


You had 2 spell levels left.
You didn't know any spells.

Dungeon Overview and Level Annotations

Branches:
Dungeon (2/15)

Altars:

Annotations:
D:2 Crazy Yiuf


Innate Abilities, Weirdness & Mutations

You are under a permanent stasis effect.
You can dig through walls and to a lower floor.
Your four strong arms can wield two-handed weapons with a shield.
You have a pair of large antennae on your head (SInv).


Message History

Crazy Yiuf yells, "Rot unthinkable blue!"
No target in view!
You barely miss Crazy Yiuf.
Crazy Yiuf hits you with a quarterstaff of chaos.
You slash Crazy Yiuf!
Crazy Yiuf is heavily wounded.
Crazy Yiuf completely misses you.
You barely miss Crazy Yiuf.
Crazy Yiuf is heavily wounded.
Crazy Yiuf cries, "Leather leg sing-song!"
Crazy Yiuf hits you with a quarterstaff of chaos.
You hit Crazy Yiuf but do no damage.
Crazy Yiuf is heavily wounded.
You block Crazy Yiuf's attack.
You closely miss Crazy Yiuf.
Crazy Yiuf is heavily wounded.
Crazy Yiuf hits you with a quarterstaff of chaos!
* * * LOW HITPOINT WARNING * * *
Crazy Yiuf burns you.
You die...

...................#....
#..................#....
#.
..#................#....
.####.. ###....#....
....#..# #.... ........#
.. #.... ..##.#..##♣♣
### ... #....
....<......♣♣ ♣♣#..)#
...##....
....##......♣♣♣♣@g...#
.........
.............♣..♣#...#
......##.
............♣.♣♣♣ ###
.........
........##♣♣♣♣♣
......... ........#
........#
........############
.........
......†..........#.#
.........
....####...##......#
......... ....
#...##....###
...........


You could see Crazy Yiuf.

Vanquished Creatures
  2 oozes
  A worm (D:2)
  A giant gecko (D:2)
  A giant cockroach (D:1)
  2 goblins (D:1)
  4 hobgoblins
  3 bats
  4 kobolds
  4 rats
22 creatures vanquished.

Notes
Turn   | Place    | Note
--------------------------------------------------------------
     0 | D:1      | Raultor the Formicid Fighter began the quest for the Orb.
     0 | D:1      | Reached XP level 1. HP: 18/18 MP: 1/1
   317 | D:1      | Reached XP level 2. HP: 20/24 MP: 2/2
   645 | D:2      | Reached XP level 3. HP: 25/29 MP: 3/3
   650 | D:2      | Reached skill level 4 in Shields
   679 | D:2      | Found a faded altar to an unknown god.
   726 | D:2      | Noticed Crazy Yiuf
   733 | D:2      | Slain by Crazy Yiuf

Vault maps used:
D:1:      dpeg_arrival_round_b, grunt_decor_arrowhead, serial_park_tiny_1
D:2:      yredelemnul_forgotten_temple_becter, ecumenical_altar_1,
          serial_bayou_pond_d, uniq_crazy_yiuf_cottage

Action                   || total
-------------------------++-------
Melee: War axe           ||    74
